 Dungeon Crawl Stone Soup version 0.25-a0-166-g16436c4407 (webtiles) character file.

Game seed: 5839832725356908471, levelgen mode: deterministic

1199 MrRokkomies the Jinx (level 8, 0/52 HPs)
             Began as a Vampire Enchanter on Nov 23, 2019.
             Was a Follower of Sif Muna.
             Slain by an orc warrior
             ... wielding a +0 war axe
              (10 damage)
             ... on level 6 of the Dungeon.
             The game lasted 00:21:46 (5106 turns).

MrRokkomies the Jinx (Vampire Enchanter)            Turns: 5106, Time: 00:21:46

Health: 0/52       AC: 11    Str:  9    XL:     8   Next: 20%
Magic:  7/11       EV: 10    Int: 18    God:    Sif Muna [*.....]
Gold:   262        SH:  6    Dex: 18    Spells: 6/11 levels left

rFire    . . .     SeeInvis +   a - +0 rapier
rCold    + . .     Gourm    .   c - +1 buckler
rNeg     . . .     Faith    .   m - +1 ring mail of Ru's Esteem {rC+ Dex+4}
rPois    .         Spirit   .   q - +2 hat
rElec    .         Reflect  .   D - scarf {repulsion}
rCorr    .         Harm     .   t - +2 pair of gloves
MR       .....                  (no boots)
Stlth    ++++......             (no amulet)
HPRegen  0.37/turn              d - ring of stealth
MPRegen  0.12/turn              (no ring)

@: regenerating quickly, repel missiles
A: no food, fangs 3, see invisible, unbreathing
a: Exsanguinate, Channel Magic, Renounce Religion


You were on level 6 of the Dungeon.
You worshipped Sif Muna.
Sif Muna was aware of your devotion.
You were alive.

You visited 1 branch of the dungeon, and saw 6 of its levels.
You also visited: Sewer.

You collected 262 gold pieces.

Inventory:

Hand Weapons
 a - a +0 rapier (weapon)
Missiles
 k - 40 poisoned darts (quivered)
Armour
 c - a +1 buckler (worn)
 m - the +1 ring mail of Ru's Esteem (worn) {rC+ Dex+4}
   (You found it on level 4 of the Dungeon)

   It affects your dexterity (+4).
   It protects you from cold.
 q - a +2 hat (worn)
 t - a +2 pair of gloves (worn)
 D - a scarf of repulsion (worn)
Jewellery
 d - a ring of stealth (left hand)
 f - an uncursed ring of stealth
Wands
 b - a wand of disintegration (5)
 p - a wand of scattershot (6)
 v - a wand of flame (14)
Scrolls
 e - 2 scrolls of identify
 h - a scroll of magic mapping
 i - a scroll of fog
 o - a scroll of teleportation
 s - a scroll of amnesia
 y - a scroll of noise
 B - a scroll of enchant armour
 C - 3 scrolls of blinking
Potions
 g - 5 potions of curing
 j - 2 potions of degeneration {unknown}
 l - 2 potions of heal wounds
 n - a potion of agility
 r - a potion of mutation {unknown}
 u - a potion of invisibility {unknown}
 w - 5 potions of might {unknown}
 x - a potion of magic {unknown}
 z - 2 potions of brilliance {unknown}
 A - 2 potions of berserk rage {unknown}


   Skills:
 * Level 6.4 Short Blades
 - Level 2.1 Dodging
 + Level 7.6 Stealth
 + Level 2.9 Shields
 - Level 2.0 Spellcasting
 * Level 9.4 Hexes


You had 6 spell levels left.
You knew the following spells:

 Your Spells              Type           Power        Failure   Level  Hunger
b - Ensorcelled Hibernat  Hex/Ice        ###...       13%         2    N/A
c - Confuse               Hex            #####...     3%          3    N/A

Your spell library contained the following spells:

 Spells                   Type           Power        Failure   Level  Hunger
 Corona                   Hex            #####..      1%          1    N/A
 Tukima's Dance           Hex            #####...     3%          3    N/A
 Dazzling Spray           Conj/Hex       ###...       26%         3    N/A

Dungeon Overview and Level Annotations

Branches:
Dungeon (6/15)              Sewer (visited)
 Temple: D:4-7

Altars:
Elyvilon
Gozag
Hepliaklqana
Okawaru
Qazlal
Sif Muna
Trog
Xom

Annotations:
D:6 3 runed translucent doors, Shinnjin's ghost, novice MiFi


Innate Abilities, Weirdness & Mutations

You do not eat.
Your natural rate of healing is unusually fast.
You have razor-sharp teeth.
You have supernaturally acute eyesight. (SInv)
You can survive without breathing.


Message History

The orc warrior hits you with a +0 war axe!
You are too injured to fight recklessly!
You are too injured to fight recklessly!
You are too injured to fight recklessly!
You are too injured to fight recklessly!
You are too injured to fight recklessly!
You hit the orc warrior but do no damage.
The orc warrior is heavily wounded.
You barely miss the orc warrior.
The orc warrior is heavily wounded.
The orc warrior hits you with a +0 war axe!
* * * LOW HITPOINT WARNING * * *
You hit the orc warrior but do no damage.
The orc warrior is heavily wounded.
The orc warrior hits you with a +0 war axe.
* * * LOW HITPOINT WARNING * * *
You hit the orc warrior.
The orc warrior is severely wounded.
The orc warrior hits you with a +0 war axe!
You die...

#.##.........#....#
#.##.........#....#
#.##.........#....#
####'##.........#....#
#.............. #....#
#............ ######
#.......####
#......[#############
#.......@oooo.....%.#
#.......####........#
#.......# #........#
## ####+##.#
#........##.# #.#
#.....o...#.#
#.#####'######.#.#
#.##....# #..†#
#.##.#### #+#...
#.##.##.# ......


You could see an orc warrior, an orc wizard and 2 orcs.

Vanquished Creatures
  Grinder (D:6)
  Menkaure (D:6)
  A black bear (D:6)
  2 bullfrogs
  A howler monkey (D:4)
  3 crimson imps (D:5)
  An orc priest (D:6)
  A centaur skeleton (D:4)
  Ijyb (D:4)
  An iguana (D:5)
  An orc wizard (D:3)
  3 worker ants
  A howler monkey zombie (D:5)
  A howler monkey skeleton (D:5)
  8 gnolls
  13 adders
  An ooze (D:4)
  2 adder skeletons
  2 worms (D:3)
  4 dart slugs
  4 leopard geckos
  3 orcs (D:3)
  2 bats
  3 giant cockroaches
  8 goblins
  2 hobgoblins
  7 jackals
  3 quokkas
  2 ball pythons
  11 frilled lizards
  2 jackal skeletons
  15 kobolds
  8 rats
119 creatures vanquished.

Notes
Turn   | Place    | Note
-------+----------+-------------------------------------------
     0 | D:1      | MrRokkomies the Vampire Enchanter began the quest for the
                  | Orb.
     0 | D:1      | Reached XP level 1. HP: 13/13 MP: 3/3
   134 | D:1      | Reached XP level 2. HP: 5/19 MP: 5/5
   514 | D:1      | Reached skill level 5 in Hexes
   865 | D:2      | Learned a level 2 spell: Ensorcelled Hibernation
   876 | D:2      | Reached XP level 3. HP: 24/24 MP: 3/6
   943 | D:2      | Reached skill level 5 in Stealth
   981 | D:2      | Noticed a bullfrog
  1001 | D:2      | Killed a bullfrog
  1001 | D:2      | Reached XP level 4. HP: 18/30 MP: 0/7
  1043 | D:2      | Learned a level 3 spell: Confuse
  1459 | D:2      | Found a bloodstained altar of Trog.
  1848 | D:3      | Found an iron altar of Okawaru.
  1848 | D:3      | Found a white marble altar of Elyvilon.
  1848 | D:3      | Found a hazy altar of Hepliaklqana.
  1849 | D:3      | Reached skill level 6 in Hexes
  1964 | D:3      | Found a shimmering altar of Xom.
  2138 | D:3      | Reached XP level 5. HP: 24/35 MP: 8/8
  2332 | D:3      | Found a stormy altar of Qazlal.
  2589 | D:4      | Reached skill level 1 in Shields
  2592 | D:4      | Got a spiked ring mail
  2604 | D:4      | Identified the +1 ring mail of Ru's Esteem {rC+ Dex+4} (You
                  | found it on level 4 of the Dungeon)
  2608 | D:4      | Noticed Ijyb
  2628 | D:4      | Reached XP level 6. HP: 41/41 MP: 6/9
  2735 | D:3      | Reached skill level 7 in Hexes
  2800 | D:4      | Killed Ijyb
  3140 | D:4      | Found a shimmering blue altar of Sif Muna.
  3145 | D:4      | Became a worshipper of Sif Muna the Loreminder
  3392 | D:5      | Entered Level 5 of the Dungeon
  3440 | D:5      | Found a glowing drain.
  3459 | Sewer    | Entered a sewer
  4268 | D:5      | Reached XP level 7. HP: 46/46 MP: 0/10
  4328 | D:5      | Reached skill level 5 in Short Blades
  4357 | D:5      | Reached skill level 8 in Hexes
  4597 | D:5      | Reached * piety under Sif Muna
  4846 | D:6      | Found a runed translucent gate.
  4846 | D:6      | Noticed Shinnjin's ghost (novice MiFi)
  4847 | D:6      | Found a runed translucent gate.
  4847 | D:6      | Identified the cursed +1 plate armour of the Prince {Int+4}
  4848 | D:6      | Found a runed translucent gate.
  4852 | D:6      | Found an opulent altar of Gozag.
  5001 | D:6      | Noticed Menkaure
  5018 | D:6      | Killed Menkaure
  5068 | D:6      | Noticed Grinder
  5076 | D:6      | Killed Grinder
  5076 | D:6      | Reached skill level 9 in Hexes
  5076 | D:6      | Reached XP level 8. HP: 52/52 MP: 7/11
  5106 | D:6      | Slain by an orc warrior

Levels and vault maps discovered:
D:1:      dpeg_arrival_windows_large_door, layout_basic,
          minmay_misc_feat_secret_circle
D:2:      layout_basic, lightli_temple_of_fire, kennysheep_small_spiral
D:3:      layout_basic, grunt_temple_overflow_open,
          nicolae_qazlal_eye_of_the_storm, xom_teletrap_fun
D:4:      layout_rooms, kennysheep_little_box, uniq_ijyb
D:5:      layout_gridville, cheibrodos_sewer_entry_drain, first_ration
D:6:      layout_basic, fedhas_altar_1, lemuel_crystal_altar, kennysheep_mini,
          overflow_temple_1_default, grunt_dithmenos_smoke_and_mirrors,
          minmay_temple_entry_grid, basic_altar, biasface_ghost_orc_armoury,
          uniq_menkaure, uniq_grinder

Skill      XL: |  1  2  3  4  5  6  7 |
---------------+----------------------+-----
Short Blades   | 2 3 4 6 |  6.4
Hexes          | 5 6 7 9 |  9.4
Stealth        | 5 6 7 |  7.6
Shields        | 1 2 |  2.9
Dodging        | |  2.1
Spellcasting   | |  2.0

Action                   |  1- 3 |  4- 6 |  7- 9 || total
-------------------------+-------+-------+-------++-------
Melee: Dagger            |    74 |   425 |    70 ||   569
       Bite              |     4 |    41 |    21 ||    66
       Rapier            |       |       |    68 ||    68
Throw: Dart              |     5 |    20 |     2 ||    27
 Cast: Ensorcelled Hiber |     6 |    28 |     9 ||    43
       Confuse           |       |     2 |     4 ||     6
  Use: Potion            |     1 |     3 |       ||     4
       Scroll            |       |    12 |     2 ||    14
 Stab: Sleeping          |    11 |    24 |     8 ||    43
       Distracted        |     1 |       |     2 ||     3
       Confused          |       |     2 |     1 ||     3
Armor: Robe              |     5 |    17 |       ||    22
       Ring mail         |       |    91 |    41 ||   132
Dodge: Dodged            |    41 |   179 |    57 ||   277
Block: Buckler           |       |    76 |    36 ||   112

Table legend:
 A = Non-vault XP
 B = Vault XP
 C = Vault XP percentage of total XP
 D = Non-vault monster count
 E = Vault monster count
 F = Vault count percentage of total count
                 A         B        C        D         E       F
            +---------+---------+-------+---------+---------+-------
      Total |    1155 |     558 |  32.6 |      95 |      24 |  20.2
            +---------+---------+-------+---------+---------+-------
        D:1 |      27 |       0 |   0.0 |      17 |       0 |   0.0
        D:2 |     121 |       0 |   0.0 |      11 |       0 |   0.0
        D:3 |     213 |       0 |   0.0 |      29 |       0 |   0.0
        D:4 |     203 |      36 |  15.1 |      19 |       1 |   5.0
        D:5 |     417 |       3 |   0.7 |      16 |       3 |  15.8
        D:6 |     174 |     446 |  71.9 |       3 |       2 |  40.0
      Sewer |       0 |      73 | 100.0 |       0 |      18 | 100.0
            +---------+---------+-------+---------+---------+-------
